General information
- name: BNet
- type: Ladder team game (AT/RT)
- host: Battle.net
- saver: FionaAppleN1Fan
map: Mur'gulOasis
- players: 8
- length: 50:07
- speed: Fast
- version: 1.26 W3XP
- replay type: Public
» download(237 KB)
Players
team 1 (winner)

»
THERION2 (
yellow | 37 APM | 1852 actions | 50:05)
6 Mountain King
3 Storm Bolt
2 Bash
1 Avatar
2 Paladin
1 Holy Light
1 Devotion Aura
2 Archmage
1 Blizzard
1 Brilliance Aura
» actions
| Assign group hotkey | 39 | |
| Basic commands | 7 | |
| Build / train | 93 | |
| Enter build submenu | 25 | |
| Enter hero's abilities submenu | 10 | |
| Remove unit from queue | 1 | |
| Right click | 720 | |
| Select / deselect | 476 | |
| Select group hotkey | 384 | |
| Use ability | 97 | |
1852 total
» units
| Peasant | 17 | |
| Footman | 2 | |
| Rifleman | 7 | |
| Mortar Team | 12 | |
| Dragonhawk Rider | 7 | |
| Gryphon Rider | 6 | |
| Wind Rider | 2 | |
53 total
» upgrades
| Armor | 3 | |
| Masonry | 3 | |
| Gunpowder | 2 | |
| Long Rifles | 1 | |
| Cloud | 1 | |
| Storm Hammers | 1 | |
| Swords | 1 | |
12 total
» buildings
| Altar of Kings | 1 | |
| Farm | 13 | |
| Barracks | 1 | |
| Scout Tower | 1 | |
| Arcane Tower | 1 | |
| Blacksmith | 1 | |
| Arcane Vault | 1 | |
| Lumber Mill | 1 | |
| Keep | 1 | |
| Workshop | 1 | |
| Castle | 1 | |
| Gryphon Aviary | 2 | |
| Town Hall | 3 | |
28 total
» build order
00:17 Altar of Kings
00:27 Farm
00:49 Barracks
01:13 Scout Tower
01:43 Arcane Tower
01:53 Farm
02:02 Farm
02:24 Blacksmith
02:37 Farm
03:11 Arcane Vault
03:33 Lumber Mill
04:55 Keep
06:35 Farm
07:18 Workshop
07:56 Farm
08:25 Farm
09:48 Farm
10:00 Castle
12:03 Gryphon Aviary
13:53 Town Hall
22:32 Farm
22:34 Farm
22:49 Farm
22:52 Farm
25:33 Town Hall
25:40 Farm
25:45 Town Hall
28:21 Gryphon Aviary
» items
| Lesser Clarity Potion | 2 | |
| Scroll of Regeneration | 3 | |
| Scroll of Town Portal | 3 | |
| Potion of Lesser Invulnerability | 2 | |
| Boots of Speed | 1 | |
11 total

»
toxic_117 (
teal | 24 APM | 1192 actions | 50:05)
5 Beastmaster
3 Summon Bear
2 Summon Hawk
4 Goblin Alchemist
2 Healing Spray
2 Chemical Rage
» actions
| Basic commands | 78 | |
| Build / train | 74 | |
| Enter build submenu | 27 | |
| Enter hero's abilities submenu | 9 | |
| Remove unit from queue | 2 | |
| Right click | 439 | |
| Select / deselect | 462 | |
| Use ability | 101 | |
1192 total
» units
| Acolyte | 7 | |
| Ghoul | 5 | |
| Crypt Fiend | 7 | |
| Obsidian Statue | 2 | |
| Frost Wyrm | 3 | |
| Gargoyle | 10 | |
34 total
» upgrades
| Creature Attack | 3 | |
| Creature Carapace | 3 | |
| Web | 1 | |
| Burrow | 1 | |
| Destroyer Form | 1 | |
| Freezing Breath | 1 | |
10 total
» buildings
| Ziggurat | 16 | |
| Altar of Darkness | 1 | |
| Crypt | 2 | |
| Tomb of Relics | 1 | |
| Graveyard | 1 | |
| Spirit Tower | 3 | |
| Nerubian Tower | 2 | |
| Halls of the Dead | 1 | |
| Slaughterhouse | 1 | |
| Black Citadel | 1 | |
| Sacrificial Pit | 1 | |
| Boneyard | 2 | |
32 total
» build order
00:38 Ziggurat
00:41 Altar of Darkness
01:02 Crypt
01:27 Tomb of Relics
01:43 Ziggurat
02:03 Graveyard
03:23 Ziggurat
03:48 Spirit Tower
03:53 Nerubian Tower
04:59 Ziggurat
05:48 Spirit Tower
06:24 Halls of the Dead
08:43 Ziggurat
08:50 Slaughterhouse
11:12 Ziggurat
11:15 Black Citadel
12:22 Sacrificial Pit
13:54 Boneyard
14:04 Boneyard
14:08 Ziggurat
16:17 Ziggurat
16:20 Ziggurat
20:21 Crypt
20:48 Spirit Tower
27:29 Ziggurat
27:30 Ziggurat
27:32 Ziggurat
27:33 Ziggurat
27:37 Ziggurat
27:40 Ziggurat
27:44 Ziggurat
28:22 Nerubian Tower
» items
| Rod of Necromancy | 2 | |
| Sacrificial Skull | 1 | |
| Boots of Speed | 1 | |
| Periapt of Vitality | 1 | |
| Lesser Clarity Potion | 1 | |
| Healing Salve | 2 | |
| Orb of Corruption | 1 | |
| Potion of Healing | 1 | |
10 total
FionaAppleN1Fan (
pink | 54 APM | 2699 actions | 50:07)
5 Archmage
3 Summon Water Elemental
2 Brilliance Aura
1 Goblin Alchemist
1 Chemical Rage
» actions
| Assign group hotkey | 261 | |
| Basic commands | 391 | |
| Build / train | 71 | |
| Enter build submenu | 49 | |
| Enter hero's abilities submenu | 7 | |
| Give item / drop item | 8 | |
| Right click | 928 | |
| Select / deselect | 499 | |
| Select group hotkey | 398 | |
| Use ability | 86 | |
2699 total
» units
| Peasant | 16 | |
| Footman | 5 | |
| Gryphon Rider | 11 | |
32 total
» upgrades
| Lumber Harvesting | 2 | |
| Swords | 3 | |
| Armor | 3 | |
| Animal War Training | 1 | |
| Storm Hammers | 1 | |
| Masonry | 1 | |
11 total
» buildings
| Altar of Kings | 1 | |
| Barracks | 2 | |
| Farm | 14 | |
| Arcane Vault | 1 | |
| Keep | 3 | |
| Lumber Mill | 2 | |
| Blacksmith | 1 | |
| Castle | 1 | |
| Gryphon Aviary | 4 | |
| Town Hall | 2 | |
| Scout Tower | 21 | |
| Guard Tower | 3 | |
55 total
» build order
00:37 Altar of Kings
00:38 Barracks
00:54 Farm
01:05 Farm
01:06 Farm
02:00 Farm
02:37 Arcane Vault
03:17 Keep
03:17 Keep
04:25 Lumber Mill
04:27 Blacksmith
04:32 Farm
06:00 Castle
06:07 Gryphon Aviary
06:07 Barracks
06:09 Gryphon Aviary
06:09 Gryphon Aviary
08:08 Farm
08:10 Farm
08:11 Farm
08:14 Farm
08:14 Farm
12:10 Town Hall
12:12 Scout Tower
12:13 Scout Tower
12:13 Scout Tower
12:13 Scout Tower
12:15 Scout Tower
12:15 Scout Tower
12:16 Scout Tower
12:18 Scout Tower
13:41 Farm
13:41 Farm
13:41 Farm
13:42 Farm
14:02 Town Hall
15:07 Scout Tower
15:14 Scout Tower
15:15 Scout Tower
15:15 Scout Tower
15:17 Scout Tower
15:19 Scout Tower
15:23 Guard Tower
15:31 Lumber Mill
16:11 Guard Tower
17:06 Gryphon Aviary
29:42 Scout Tower
29:43 Scout Tower
29:43 Scout Tower
29:43 Scout Tower
29:44 Scout Tower
29:44 Scout Tower
29:45 Scout Tower
32:20 Guard Tower
» items
| Scroll of Regeneration | 2 | |
| Staff of Teleportation | 2 | |
| Periapt of Vitality | 2 | |
| Scroll of Town Portal | 5 | |
| Boots of Speed | 1 | |
12 total

»
TheVoice (
blue | 69 APM | 2533 actions | 36:53)
6 Blademaster
2 Wind Walk
3 Critical Strike
1 Bladestorm
» actions
| Assign group hotkey | 170 | |
| Basic commands | 143 | |
| Build / train | 58 | |
| Enter build submenu | 27 | |
| Enter hero's abilities submenu | 6 | |
| Give item / drop item | 1 | |
| Remove unit from queue | 1 | |
| Right click | 1204 | |
| Select / deselect | 536 | |
| Select group hotkey | 306 | |
| Use ability | 81 | |
2533 total
» units
| Peon | 11 | |
| Troll Batrider | 6 | |
| Demolisher | 14 | |
31 total
» upgrades
| Liquid Fire | 1 | |
| Ranged Weapons | 3 | |
| Burning Oil | 1 | |
| Reinforced Defenses | 1 | |
6 total
» buildings
| Altar of Storms | 1 | |
| Orc Burrow | 13 | |
| War Mill | 1 | |
| Voodoo Lounge | 1 | |
| Watch Tower | 4 | |
| Stronghold | 1 | |
| Beastiary | 2 | |
| Fortress | 1 | |
| Barracks | 2 | |
| Great Hall | 1 | |
27 total
» build order
00:10 Altar of Storms
00:17 Orc Burrow
00:41 War Mill
01:08 Voodoo Lounge
01:57 Watch Tower
02:31 Watch Tower
03:14 Stronghold
03:32 Orc Burrow
03:52 Orc Burrow
05:44 Beastiary
05:49 Beastiary
05:55 Fortress
06:23 Watch Tower
06:31 Watch Tower
08:22 Orc Burrow
10:53 Barracks
10:56 Barracks
14:04 Great Hall
17:12 Orc Burrow
21:15 Orc Burrow
26:02 Orc Burrow
26:03 Orc Burrow
26:04 Orc Burrow
26:09 Orc Burrow
30:33 Orc Burrow
30:34 Orc Burrow
30:35 Orc Burrow
» items
| Healing Salve | 2 | |
| Lesser Clarity Potion | 4 | |
| Scroll of Speed | 1 | |
| Orb of Lightning | 1 | |
| Boots of Speed | 1 | |
| Potion of Healing | 1 | |
| Potion of Lesser Invulnerability | 1 | |
11 total
team 2 (loser)
StinkyGreenOrc (
purple | 30 APM | 183 actions | 06:06)
2 Blademaster
1 Wind Walk
1 Critical Strike
» actions
| Assign group hotkey | 1 | |
| Build / train | 22 | |
| Enter build submenu | 8 | |
| Enter hero's abilities submenu | 2 | |
| Right click | 64 | |
| Select / deselect | 60 | |
| Select group hotkey | 10 | |
| Use ability | 16 | |
183 total
» units
» upgrades
| Pillage | 1 | |
| Armor | 1 | |
| Melee Weapons | 1 | |
3 total
» buildings
| Altar of Storms | 1 | |
| Orc Burrow | 3 | |
| Voodoo Lounge | 1 | |
| Barracks | 1 | |
| War Mill | 1 | |
| Stronghold | 1 | |
8 total
» build order
00:17 Altar of Storms
00:25 Orc Burrow
01:36 Orc Burrow
01:42 Voodoo Lounge
02:21 Barracks
02:41 War Mill
03:58 Stronghold
04:26 Orc Burrow
» items
| Healing Salve | 1 | |
| Scroll of Speed | 1 | |
2 total
LOLxIMBAxBMxLOL (
red | 43 APM | 248 actions | 05:45)
2 Shadow Hunter
1 Healing Wave
1 Hex
» actions
| Assign group hotkey | 2 | |
| Basic commands | 1 | |
| Build / train | 30 | |
| Enter build submenu | 10 | |
| Enter hero's abilities submenu | 2 | |
| Remove unit from queue | 1 | |
| Right click | 99 | |
| Select / deselect | 77 | |
| Select group hotkey | 16 | |
| Use ability | 10 | |
248 total
» units
» buildings
| Barracks | 1 | |
| Orc Burrow | 3 | |
| Altar of Storms | 1 | |
| Stronghold | 4 | |
| War Mill | 1 | |
| Watch Tower | 1 | |
11 total
» build order
00:37 Barracks
00:45 Orc Burrow
00:55 Altar of Storms
01:41 Orc Burrow
03:26 Stronghold
03:27 Stronghold
03:27 Stronghold
03:50 Orc Burrow
04:30 War Mill
05:44 Watch Tower
xX_Diabetes_Xx (
green | 25 APM | 112 actions | 04:33)
1 Lich
1 Frost Nova
» actions
| Build / train | 11 | |
| Enter build submenu | 5 | |
| Enter hero's abilities submenu | 1 | |
| Remove unit from queue | 1 | |
| Right click | 48 | |
| Select / deselect | 38 | |
| Use ability | 8 | |
112 total
» units
» buildings
| Altar of Darkness | 1 | |
| Crypt | 2 | |
| Ziggurat | 1 | |
| Graveyard | 1 | |
| Nerubian Tower | 1 | |
| Halls of the Dead | 1 | |
7 total
» build order
00:11 Altar of Darkness
00:18 Crypt
00:26 Ziggurat
01:43 Graveyard
01:48 Nerubian Tower
02:16 Crypt
03:29 Halls of the Dead
StinkyGreenOrk (
orange | 89 APM | 4451 actions | 50:05)
7 Death Knight
3 Death Coil
3 Unholy Aura
1 Animate Dead
4 Lich
2 Frost Nova
2 Frost Armor
» actions
| Assign group hotkey | 62 | |
| Basic commands | 51 | |
| Build / train | 284 | |
| ESC pressed | 3 | |
| Enter build submenu | 111 | |
| Enter hero's abilities submenu | 12 | |
| Give item / drop item | 2 | |
| Remove unit from queue | 1 | |
| Right click | 2188 | |
| Select / deselect | 779 | |
| Select group hotkey | 688 | |
| Use ability | 270 | |
4451 total
» units
| Acolyte | 30 | |
| Ghoul | 9 | |
| Crypt Fiend | 18 | |
| Wind Rider | 2 | |
| Obsidian Statue | 4 | |
| Abomination | 1 | |
| Frost Wyrm | 6 | |
70 total
» upgrades
| Creature Attack | 3 | |
| Creature Carapace | 3 | |
| Spiked Barricades | 7 | |
| Web | 1 | |
| Reinforced Defenses | 2 | |
| Burrow | 1 | |
| Armor | 2 | |
| Destroyer Form | 1 | |
| Ranged Weapons | 1 | |
| Ghoul Frenzy | 1 | |
| Freezing Breath | 1 | |
| Unholy Armor | 3 | |
| Backpack | 1 | |
| Unholy Strength | 2 | |
| Disease Cloud | 1 | |
| Exhume Corpses | 1 | |
| Banshee Training | 2 | |
| Necromancer Training | 1 | |
| Skeletal Longevity | 1 | |
| Skeletal Mastery | 1 | |
36 total
» buildings
| Crypt | 2 | |
| Graveyard | 2 | |
| Altar of Darkness | 5 | |
| Ziggurat | 36 | |
| Tomb of Relics | 2 | |
| Nerubian Tower | 11 | |
| Halls of the Dead | 9 | |
| Spirit Tower | 70 | |
| Watch Tower | 30 | |
| Fortress | 7 | |
| Slaughterhouse | 2 | |
| Black Citadel | 6 | |
| Sacrificial Pit | 2 | |
| Beastiary | 2 | |
| Necropolis | 1 | |
| Boneyard | 4 | |
| Temple of the Damned | 2 | |
193 total
» build order
00:08 Crypt
00:19 Graveyard
00:41 Altar of Darkness
00:59 Ziggurat
01:25 Tomb of Relics
01:58 Ziggurat
02:22 Nerubian Tower
02:22 Nerubian Tower
02:23 Nerubian Tower
04:08 Halls of the Dead
04:19 Ziggurat
04:48 Spirit Tower
05:55 Watch Tower
06:00 Watch Tower
06:01 Watch Tower
06:17 Ziggurat
06:18 Ziggurat
06:20 Ziggurat
06:23 Spirit Tower
06:23 Spirit Tower
07:09 Spirit Tower
07:10 Spirit Tower
07:10 Spirit Tower
07:10 Spirit Tower
07:18 Spirit Tower
07:19 Spirit Tower
07:27 Watch Tower
07:30 Watch Tower
07:55 Ziggurat
08:02 Watch Tower
08:04 Watch Tower
08:44 Fortress
08:44 Fortress
08:51 Fortress
08:51 Fortress
08:52 Watch Tower
08:55 Watch Tower
08:58 Watch Tower
08:59 Watch Tower
09:01 Watch Tower
09:05 Watch Tower
09:08 Watch Tower
09:12 Watch Tower
09:15 Spirit Tower
09:18 Ziggurat
09:23 Ziggurat
09:37 Ziggurat
09:38 Ziggurat
09:40 Ziggurat
09:49 Watch Tower
09:50 Watch Tower
09:55 Watch Tower
09:57 Watch Tower
10:00 Watch Tower
10:03 Watch Tower
10:14 Watch Tower
10:19 Watch Tower
10:26 Ziggurat
10:30 Spirit Tower
10:30 Spirit Tower
10:31 Spirit Tower
10:33 Spirit Tower
10:34 Spirit Tower
10:36 Spirit Tower
10:36 Spirit Tower
10:36 Spirit Tower
10:41 Spirit Tower
10:41 Spirit Tower
10:42 Spirit Tower
10:42 Spirit Tower
10:48 Ziggurat
10:51 Slaughterhouse
10:55 Ziggurat
11:53 Spirit Tower
11:54 Spirit Tower
11:57 Spirit Tower
11:57 Spirit Tower
12:35 Ziggurat
12:52 Black Citadel
12:52 Black Citadel
12:52 Black Citadel
12:54 Watch Tower
12:55 Watch Tower
13:03 Watch Tower
13:03 Watch Tower
13:07 Watch Tower
13:08 Watch Tower
13:09 Watch Tower
13:13 Spirit Tower
13:13 Spirit Tower
13:17 Halls of the Dead
13:17 Halls of the Dead
13:31 Spirit Tower
13:31 Spirit Tower
13:35 Ziggurat
13:45 Sacrificial Pit
14:01 Ziggurat
14:02 Ziggurat
14:04 Ziggurat
14:04 Ziggurat
14:06 Ziggurat
14:26 Beastiary
14:36 Beastiary
14:40 Spirit Tower
23:30 Crypt
23:48 Necropolis
24:33 Altar of Darkness
25:00 Ziggurat
26:10 Spirit Tower
26:10 Spirit Tower
26:12 Ziggurat
26:16 Ziggurat
27:18 Spirit Tower
27:18 Spirit Tower
27:28 Nerubian Tower
28:12 Tomb of Relics
29:18 Ziggurat
29:19 Ziggurat
30:13 Halls of the Dead
30:14 Halls of the Dead
30:21 Graveyard
30:28 Altar of Darkness
32:02 Spirit Tower
32:02 Spirit Tower
32:09 Spirit Tower
32:44 Ziggurat
34:36 Spirit Tower
34:36 Spirit Tower
35:58 Ziggurat
36:25 Ziggurat
36:29 Ziggurat
37:02 Black Citadel
37:15 Spirit Tower
37:15 Spirit Tower
37:29 Spirit Tower
37:29 Spirit Tower
37:29 Spirit Tower
37:44 Spirit Tower
37:44 Spirit Tower
37:45 Spirit Tower
38:56 Slaughterhouse
39:28 Boneyard
39:31 Boneyard
41:10 Ziggurat
41:13 Ziggurat
42:39 Spirit Tower
42:39 Spirit Tower
42:43 Spirit Tower
42:44 Spirit Tower
42:44 Spirit Tower
44:33 Ziggurat
44:51 Altar of Darkness
44:53 Altar of Darkness
45:10 Ziggurat
46:12 Nerubian Tower
46:12 Nerubian Tower
46:24 Sacrificial Pit
46:30 Nerubian Tower
46:30 Nerubian Tower
46:44 Temple of the Damned
46:46 Temple of the Damned
47:12 Ziggurat
47:18 Boneyard
47:25 Boneyard
» items
| Rod of Necromancy | 4 | |
| Sacrificial Skull | 1 | |
| Periapt of Vitality | 6 | |
| Dust of Appearance | 4 | |
| Potion of Healing | 2 | |
| Orb of Corruption | 1 | |
| Scroll of Town Portal | 2 | |
| Staff of Teleportation | 2 | |
22 total
Chat log
(00:15 / All) FionaAppleN1Fan: You got a very stinky team over there
(00:18 / All) FionaAppleN1Fan: PU
(00:29 / All) StinkyGreenOrk: Nice name purple!
(00:31 / All) StinkyGreenOrk: what a coincidence
(00:38 / All) xX_Diabetes_Xx: you have a stinky pussy
(00:46 / Allies) toxic_117: sup
(02:09 / Allies) FionaAppleN1Fan: spare gold bros?
(02:16 / Allies) FionaAppleN1Fan: spare wood?
(04:32 / Allies) toxic_117: kill hero
(04:40 / All) StinkyGreenOrk: lol
(05:33 / Allies) TheVoice: teal, b
(06:04 / Allies) FionaAppleN1Fan: lumber bros?
(06:12 / All) StinkyGreenOrk: lol
(06:47 / Allies) FionaAppleN1Fan: lumber bros?
(07:14 / Allies) FionaAppleN1Fan: yo bros spare some lumber?
(07:30 / Allies) FionaAppleN1Fan: thanks bro you will NEVER ERGRET IT!!!11
(09:28 / Allies) FionaAppleN1Fan: lumber buddies?
(09:39 / Allies) FionaAppleN1Fan: thank you man you're awesome
(10:00 / Allies) FionaAppleN1Fan: spare gold guys?
(10:17 / Allies) TheVoice: why do u demand so much?
(10:23 / Allies) FionaAppleN1Fan: I'm in need brother
(13:07 / All) FionaAppleN1Fan: you're fucked faggot
(13:50 / Allies) FionaAppleN1Fan: I'd advise you to move sonbitch
(14:14 / Allies) toxic_117: wait what;d you ping?
(14:16 / Allies) FionaAppleN1Fan: thanks brother
(14:22 / Allies) THERION2: pink u got an expo
(14:27 / Allies) FionaAppleN1Fan: Yeah I need two
(14:31 / Allies) FionaAppleN1Fan: I got costly units
(16:48 / Allies) FionaAppleN1Fan: wood please
(18:03 / Allies) THERION2: dont give lumber and gold to pink
(18:34 / Allies) TheVoice: wtf u dopin pink
(18:40 / Allies) FionaAppleN1Fan: huh?
(18:44 / Allies) TheVoice: u fcking u diot
(18:45 / Allies) THERION2: nm him lets win
(18:50 / Allies) FionaAppleN1Fan: speak english bro
(18:58 / Allies) TheVoice: ur fucking idiot
(19:04 / Allies) TheVoice: team kill us?
(19:05 / Allies) FionaAppleN1Fan: That's not good English bro
(19:18 / Allies) FionaAppleN1Fan: wtf you saying brother
(19:28 / Allies) TheVoice: im saying ur a boner
(20:32 / Allies) FionaAppleN1Fan: wood please bros
(20:50 / Allies) THERION2: dont fight him
(22:12 / Allies) FionaAppleN1Fan: you a piece of this well come and get it baby
(23:01 / Allies) TheVoice: just kill oj buildings
(24:08 / Allies) TheVoice: fucking pink
(24:16 / Allies) TheVoice: i will TK u everytime i see from now on
(24:16 / All) FionaAppleN1Fan: something the matter?
(25:53 / Allies) TheVoice: wtf
(25:58 / Allies) TheVoice: fuck u
(26:21 / All) toxic_117: lol pink really has nothing better to do on a friday night
(26:47 / All) StinkyGreenOrk: Why. what are you doing?
(26:54 / Allies) FionaAppleN1Fan: how's it any worse than actually playing to imrpove your worthless record
(26:56 / Allies) FionaAppleN1Fan: dumbass bitch
(27:41 / All) FionaAppleN1Fan: the base below blue's is yellow's expansion
(27:49 / All) FionaAppleN1Fan: and base below that
(28:08 / All) StinkyGreenOrk: alright but I only have my dk and a destroyer
(28:25 / All) FionaAppleN1Fan: he got two bats there
(28:57 / All) FionaAppleN1Fan: what are you wearing blue
(29:12 / All) FionaAppleN1Fan: are you lonely like me?
(30:57 / Allies) TheVoice: yellow, ur morts
(34:34 / All) FionaAppleN1Fan: LOOK
(34:35 / Allies) FionaAppleN1Fan: |
(34:38 / All) FionaAppleN1Fan: WE CAN DO THIS THE HARD WAY
(34:42 / All) FionaAppleN1Fan: OR WE CAN DO THIS THE EASY WAY
(34:46 / All) FionaAppleN1Fan: BUT PLEASE LET'S JUST KEEP IT EASY
(35:00 / Allies) TheVoice: yellow b
(35:04 / Allies) TheVoice: pink is coming to u
(35:10 / Allies) TheVoice: yellow b
(37:16 / All) FionaAppleN1Fan: nev mind
(37:28 / All) FionaAppleN1Fan: pretty sure dumbass yellow iddn't even get ult
(39:50 / All) StinkyGreenOrk: wtf none of those peons showed corpses
(41:36 / Allies) THERION2: lol u2 cant win by skill and cant even win by cheat
(41:53 / Allies) FionaAppleN1Fan: what do you mean
(41:59 / Allies) FionaAppleN1Fan: you think you winning this game bud?
(42:06 / Allies) FionaAppleN1Fan: teal can I get some lumber bro?
(42:28 / Allies) FionaAppleN1Fan: yellow what are you wearing?
(43:00 / All) FionaAppleN1Fan: kill my base and I'll take care of teals
(43:31 / Allies) FionaAppleN1Fan: teal you tehre baby?
(44:12 / Allies) FionaAppleN1Fan: why are you guys giving me the silent treatment?
(44:17 / Allies) FionaAppleN1Fan: c'mon talk to me you silly little freaks